 Dungeon Crawl Stone Soup version 0.30.0-5-g1a98f26d00 (webtiles) character file.

Game seed: 16378091254819761155

630 MentalBreakdance the Chopper (level 7, 0/62 HPs)
             Began as a Minotaur Berserker on May 9, 2023.
             Was a Priest of Trog.
             Slain by an iguana (7 damage)
             ... on level 4 of the Dungeon.
             The game lasted 00:09:18 (3955 turns).

MentalBreakdance the Chopper (Minotaur Berserker)   Turns: 3955, Time: 00:09:18

Health: 0/62       AC:  4    Str: 23    XL:     7   Next: 24%
Magic:  6/6        EV: 13    Int:  4    God:    Trog [***...]
Gold:   1257       SH:  0    Dex: 10    Spells: 6/6 levels left

rFire   + . .        a - +0 hand axe
rCold   . . .        (no shield)
rNeg    . . .        q - +2 robe "Ysois" {Contam +Blink rElec rF+}
rPois   .            (helmet restricted)
rElec   +            (no cloak)
rCorr   .            (no gloves)
SInv    .            (no boots)
Will    ++...        (no amulet)
Stlth   ++           (no ring)
HPRegen 1.30/turn    (no ring)
MPRegen 0.10/turn

%: no passive effects
@: strong-willed, on berserk cooldown, regenerating
A: horns 2, retaliatory headbutt
a: Renounce Religion, Evoke Blink, Berserk, Trog's Hand


You were on level 4 of the Dungeon.
You worshipped Trog.
Trog was most pleased with you.
You visited 1 branch of the dungeon, and saw 5 of its levels.

You collected 1257 gold pieces.

Inventory:

Hand Weapons
 a - a +0 hand axe (weapon)
Missiles
 l - 3 boomerangs (quivered)
Armour
 b - a +0 animal skin
 q - the +2 robe "Ysois" (worn) {Contam +Blink rElec rF+}
   (You found it on level 3 of the Dungeon)

   rF:        It protects you from fire.
   rElec:     It insulates you from electricity.
   +Blink:    It lets you blink.
   Contam:    It causes magical contamination when unequipped.
Scrolls
 d - 4 scrolls of teleportation
 h - a scroll of fog
 p - 3 scrolls of fear
Potions
 g - 2 potions of flight
 j - a potion of lignification
 k - a potion of haste


   Skills:
 + Level 5.9 Fighting
 + Level 7.3 Axes
 + Level 0.2 Throwing
 + Level 2.6 Armour
 + Level 4.3 Dodging
 + Level 1.5 Stealth


You had 6 spell levels left.
You didn't know any spells.
Your spell library was empty.

Dungeon Overview and Level Annotations

Branches:
Dungeon (5/15)
 Temple: D:4-7

Altars:
Ashenzari
Makhleb
Trog
Wu Jian


Innate Abilities, Weirdness & Mutations

You have a pair of horns on your head.
You reflexively headbutt those who attack you in melee.


Message History

The gnoll hits you from afar with a +0 spear!
The gnoll bouda barely misses you. You furiously retaliate!
You headbutt the gnoll bouda.
The gnoll hits you from afar with a +0 halberd of protection.
* * * LOW HITPOINT WARNING * * *
The gnoll hits you from afar with a +0 spear.
* * * LOW HITPOINT WARNING * * *
The gnoll bouda hits you with a +0 club!
* * * LOW HITPOINT WARNING * * *
You feel better.
You feel stable enough to blink again.
The gnoll hits you from afar with a +0 halberd of protection!
* * * LOW HITPOINT WARNING * * *
The gnoll hits you from afar with a +0 spear!
* * * LOW HITPOINT WARNING * * *
The gnoll bouda barely misses you. You furiously retaliate!
You headbutt the gnoll bouda, but do no damage.
The gnoll barely misses you.
Okay, then.
You cannot attack while held in a net.
Blink to where?
Press: ? - help, Dir - move target
Found a stone staircase leading up.
As you read the scroll of blinking, it crumbles to dust.
An iguana comes into view.
The gnoll bouda barks out a call to the hunt!
The gnoll bouda gazes fiercely through you!
You feel your attacks grow feeble.
The iguana hisses angrily.
The gnoll bouda mumbles some strange prayers to its god.
The gnoll bouda is healed somewhat.
There is a stone staircase leading up here.
The iguana barely misses you.
You climb upwards.
Your attacks no longer feel as feeble.
There is a stone staircase leading down here.
Your skin crawls.
You feel strong-willed.
You feel yourself speed up. The iguana bites you!
You die...

#####
#...##################
#.#..................#
#...################.#
##.## ###########.# #.#
#...@l......# #.#
##.#########.# ######
#.# #....#
#####.####..... #.#
#..#.# #..........###.
#.# #..#.# #.....######
#( #.# ####.# #..##.# #.
####.######..### #.[##.#
#. #...##..##....#
#..##.# #####.
#.###...†'....####..##.#
#.....


You could see an iguana.

Vanquished Creatures
  An ice beast (D:5)
  A phantom (D:5)
  2 scorpions (D:4)
  An orc priest (D:4)
  A hound (D:5)
  A sleepcap (D:4)
  2 iguanas
  Robin (D:2)
  2 gnolls
  7 adders
  A white imp (D:5)
  An ufetubus (D:5)
  A worm (D:2)
  2 dart slugs
  2 orcs (D:4)
  11 endoplasms
  5 giant cockroaches
  14 goblins
  15 hobgoblins
  2 jackals (D:3)
  2 quokkas
  7 ball pythons
  5 bats
  2 frilled lizards
  10 kobolds
  3 rats
102 creatures vanquished.

Notes
Turn   | Place    | Note
-------+----------+-------------------------------------------
     0 | D:1      | MentalBreakdance the Minotaur Berserker began the quest for
                  | the Orb.
     0 | D:1      | Reached XP level 1. HP: 19/19 MP: 0/0
   268 | D:1      | Reached skill level 4 in Axes
   268 | D:1      | Reached XP level 2. HP: 14/27 MP: 1/1
   745 | D:2      | Noticed Robin
   745 | D:2      | Found a broken altar of Ashenzari.
   748 | D:2      | Reached XP level 3. HP: 33/33 MP: 2/2
   752 | D:2      | Killed Robin
   805 | D:2      | Reached ** piety under Trog
   871 | D:2      | Reached XP level 4. HP: 41/41 MP: 3/3
   936 | D:2      | Found a faded altar of an unknown god.
  1498 | D:3      | Identified the +2 robe "Ysois" {Contam +Blink rElec rF+}
  1613 | D:3      | Reached skill level 5 in Axes
  2150 | D:3      | Found a burning altar of Makhleb.
  2155 | D:3      | Found a bloodstained altar of Trog.
  2463 | D:4      | Reached XP level 5. HP: 39/47 MP: 4/4
  2613 | D:4      | Reached skill level 5 in Fighting
  2773 | D:4      | Reached *** piety under Trog
  2793 | D:4      | Reached skill level 6 in Axes
  2793 | D:4      | Reached skill level 1 in Stealth
  2793 | D:4      | Reached XP level 6. HP: 56/56 MP: 5/5
  2842 | D:4      | Found an ornate altar of the Wu Jian Council.
  2997 | D:4      | Identified a scroll of acquirement
  2997 | D:4      | Acquired 811 gold pieces
  3353 | D:5      | Entered Level 5 of the Dungeon
  3702 | D:5      | Noticed an ice beast
  3713 | D:5      | Killed an ice beast
  3714 | D:5      | Reached skill level 7 in Axes
  3714 | D:5      | Reached XP level 7. HP: 46/62 MP: 6/6
  3947 | D:5      | HP: 1/62 [gnoll/+0 spear[a gnoll bouda] (7)]
  3955 | D:4      | Slain by an iguana

Illustrated notes

Levels and vault maps discovered:
D:1:      tarquinn_simple_flora_water_b, layout_loops_cross
D:2:      layout_loops_ring, basic_altar,
          hellmonk_ecumenical_altar_leap_of_faith, minmay_misc_feat_five,
          guppyfry_early_lair_pool, uniq_robin
D:3:      layout_basic, mainiacjoe_overflow_big_doors
D:4:      minmay_bubble_buster, layout_loops_ring, minmay_ruined_shrine
D:5:      layout_basic, serial_shops, nicolae_shop_tiny_waterfront,
          hangedman_abyss_or_decor_lesser_grid, minmay_door_square

Skill      XL: |  1  2  3  4  5  6 |
---------------+-------------------+-----
Fighting       | 4 5 |  5.9
Axes           | 4 5 6 7 |  7.3
Dodging        | 3 4 |  4.3
Stealth        | 1 |  1.5
Throwing       | |  0.2
Armour         | |  2.6

Action                     |  1- 3 |  4- 6 |  7- 9 || total
---------------------------+-------+-------+-------++-------
  Melee: Hand axe          |    50 |   145 |    11 ||   206
         Headbutt          |     5 |    20 |     3 ||    28
         Punch             |       |     1 |       ||     1
  Throw: Boomerang         |       |     2 |       ||     2
 Invoke: Berserk           |     1 |     2 |     1 ||     4
         Trog's Hand       |       |       |     1 ||     1
Ability: Evoke Blink       |       |       |     1 ||     1
    Use: Scroll            |       |    15 |     2 ||    17
         Potion            |       |     3 |     3 ||     6
   Stab: Sleeping          |       |     3 |       ||     3
 Armour: Animal skin       |    12 |     2 |       ||    14
         Robe              |       |    38 |     3 ||    41
  Dodge: Dodged            |    32 |    78 |    20 ||   130
